 Dungeon Crawl Stone Soup version 0.27-a0-1378-gdefffd1ff6 (webtiles) character file.

Game seed: 2755244629619945879

610672 Gwenloh the Bringer of Light (level 27, -3/256 HPs)
             Began as a Hill Orc Fighter on June 28, 2021.
             Was the Champion of the Shining One.
             Slain by a death scarab (5 damage)
             ... summoned by a royal mummy
             ... on level 2 of the Tomb of the Ancients on June 29, 2021.
             The game lasted 06:41:26 (64717 turns).

Gwenloh the Bringer of Light (Hill Orc Fighter)    Turns: 64717, Time: 06:41:29

Health: -3/256     AC: 37    Str: 26      XL:     27
Magic:  34/39      EV: 11    Int:  6 (8)  God:    the Shining One [******]
Gold:   5165       SH:  0    Dex: 19      Spells: 26/26 levels left

rFire    + + .     SeeInvis .   a - +9 broad axe (holy)
rCold    + + .     Faith    .   N - +3 kite shield {AC+3}
rNeg     + + +     Spirit   .   W - +4 gold dragon scales
rPois    +         Reflect  +   (helmet restricted)
rElec    +         Harm     .   j - scarf {rC+ rF+}
rCorr    +         Rampage  ∞   w - +0 pair of gloves of the Tundras {rElec Regen+ Int+2}
Will     +++++                  P - +3 pair of seven-league boots {Rampage+∞}
Stlth    ..........             V - amulet of reflection
HPRegen  1.52/turn              h - ring of Aghon {rPois Will+ rCorr Str+2 Dex-4}
MPRegen  0.26/turn              e - ring "Leyclock" {Will++ EV+4 Str+3 Dex+4}

@: divinely shielded, silenced, marked, held, slowed, glowing, very slow
A: horns 2, dopey 1, weak 1, subdued magic 1, MP-powered wands
}: 4/15 runes: decaying, slimy, silver, gossamer
a: Renounce Religion


You were on level 2 of the Tomb of the Ancients.
You worshipped the Shining One.
The Shining One was exalted by your worship.
You visited 11 branches of the dungeon, and saw 50 of its levels.

You collected 8319 gold pieces.
You spent 3154 gold pieces at shops.

Inventory:

Hand Weapons
 a - a +9 broad axe of holy wrath (weapon)
 b - a +8 hand crossbow of freezing
 A - the +7 hand axe "Riwna" {venom, rF+ rCorr}
   (Okawaru gifted it to you on level 4 of the Swamp)

   It poisons the flesh of those it strikes.
   rF:        It protects you from fire.
   rCorr:     It protects you from acid and corrosion.
 G - the +3 broad axe of Starshine {flame, Contam rElec rN+ Int+5}
   (Okawaru gifted it to you on level 2 of the Elven Halls)

   It has been specially enchanted to burn those struck by it, causing extra
   injury to most foes and up to half again as much damage against particularly
   susceptible opponents.
   Big, fiery blades are also staple armaments of hydra-hunters.
   Int:       It affects your intelligence (+5).
   rElec:     It insulates you from electricity.
   rN:        It protects you from negative energy.
   Contam:    It causes magical contamination when unequipped.
Missiles
 t - 1219 bolts
 v - 56 boomerangs (quivered)
Armour
 j - a scarf of resistance (worn)
 w - the +0 pair of gloves of the Tundras (worn) {rElec Regen+ Int+2}
   (You found it on level 11 of the Dungeon)

   Int:       It affects your intelligence (+2).
   rElec:     It insulates you from electricity.
   Regen:     It increases your rate of health regeneration.
 N - a +3 kite shield of protection (worn)
 P - the +3 pair of seven-league boots (worn) {Rampage+∞}
   (You found it on level 2 of the Lair of Beasts)
 W - +4 gold dragon scales (worn)
Jewellery
 e - the ring "Leyclock" (right hand) {Will++ EV+4 Str+3 Dex+4}
   (You found it on level 3 of the Elven Halls)

   [ring of evasion]

   EV:        It affects your evasion (+4).
   Str:       It affects your strength (+3).
   Dex:       It affects your dexterity (+4).
   Will:      It greatly increases your willpower.
 g - the amulet of Sovereignty {rPois Regen+}
   (You took it off a skeletal warrior on level 13 of the Dungeon)

   [amulet of regeneration]

   rPois:     It protects you from poison.
   Regen:     It increases your rate of health regeneration.
 h - the ring of Aghon (left hand) {rPois Will+ rCorr Str+2 Dex-4}
   (You took it off a hell knight on level 5 of the Vaults)

   [ring of resist corrosion]

   Str:       It affects your strength (+2).
   Dex:       It affects your dexterity (-4).
   rPois:     It protects you from poison.
   rCorr:     It protects you from acid and corrosion.
   Will:      It increases your willpower.
 k - a +4 ring of protection
 q - a +6 ring of strength
 u - the amulet of Ifit {RegenMP Regen+}
   (You took it off a deep elf pyromancer on level 3 of the Elven Halls)

   [amulet of magic regeneration]

   It increases your rate of magic regeneration.Regen: It increases your rate of
   health regeneration.
 B - an amulet of faith
 O - the amulet of Stoicism {Acrobat rN+ Str+2 Int+4}
   (You took it off an ogre mage on level 5 of the Vaults)

   [amulet of the acrobat]

   It increases your evasion while moving and waiting.Str: It affects your
   strength (+2).
   Int:       It affects your intelligence (+4).
   rN:        It protects you from negative energy.
 V - an amulet of reflection (around neck)
Wands
 i - a wand of charming (1)
 z - a wand of paralysis (37)
 D - a wand of acid (42)
 K - a wand of iceblast (31)
 L - a wand of digging (18)
 T - a wand of flame (117)
 U - a wand of mindburst (40)
 Z - a wand of polymorph (7)
Scrolls
 c - 3 scrolls of brand weapon
 f - 8 scrolls of fear
 p - 33 scrolls of teleportation
 x - 11 scrolls of magic mapping
 C - 3 scrolls of silence
 E - a scroll of identify
 I - 4 scrolls of fog
 R - 3 scrolls of summoning
 Y - 3 scrolls of holy word
Potions
 d - 5 potions of might
 l - 7 potions of flight
 m - 3 potions of berserk rage
 n - 3 potions of heal wounds
 o - 3 potions of cancellation
 s - 17 potions of curing
 F - 5 potions of haste
 H - 3 potions of brilliance
 J - 14 potions of attraction
 Q - 4 potions of resistance
 X - 2 potions of magic
Miscellaneous
 r - a lightning rod (4/4)
 M - a box of beasts


   Skills:
 + Level 22.6 Fighting
 - Level 18.0 Axes
 - Level 10.9 Crossbows
 + Level 21.2 Armour
 + Level 13.6 Dodging
 - Level 15.0 Shields
 + Level 24.4 Invocations
 + Level 20.4 Evocations


You had 26 spell levels left.
You didn't know any spells.
Your spell library contained the following spells:

 Spells                   Type           Power      Damage    Failure   Level
 Animate Skeleton         Necr           0%         N/A       99%         1
 Apportation              Tloc           0%         N/A       99%         1
 Beastly Appendage        Tmut           0%         N/A       99%         1
 Corona                   Hex            0%         N/A       99%         1
 Foxfire                  Conj/Fire      0%         2x1d4     99%         1
 Freeze                   Ice            0%         1d3       99%         1
 Magic Dart               Conj           0%         1d3       99%         1
 Sandblast                Erth           0%         2d4       99%         1
 Shock                    Conj/Air       0%         1d3       99%         1
 Sting                    Tmut/Pois      0%         1d3       99%         1
 Summon Small Mammal      Summ           0%         N/A       99%         1
 Blink                    Tloc           N/A        N/A       100%        2
 Call Imp                 Summ           0%         N/A       100%        2
 Corpse Rot               Necr/Air       N/A        N/A       100%        2
 Passwall                 Tmut/Erth      0%         N/A       100%        2
 Poisonous Vapours        Pois/Air       0%         N/A       100%        2
 Searing Ray              Conj           0%         3d3       100%        2
 Slow                     Hex            0%         N/A       100%        2
 Static Discharge         Conj/Air       0%         N/A       100%        2
 Sublimation of Blood     Necr           0%         N/A       100%        2
 Wereblood                Tmut           0%         N/A       100%        2
 Conjure Flame            Conj/Fire      0%         6-21      100%        3
 Dazzling Flash           Conj/Hex       0%         N/A       100%        3
 Frozen Ramparts          Ice            0%         1d2       100%        3
 Gell's Gravitas          Tloc           0%         N/A       100%        3
 Ignite Poison            Fire/Tmut/Pois 0%         N/A       100%        3
 Lesser Beckoning         Tloc           0%         N/A       100%        3
 Mephitic Cloud           Conj/Pois/Air  0%         N/A       100%        3
 Ozocubu's Armour         Ice            0%         N/A       100%        3
 Portal Projectile        Hex/Tloc       0%         N/A       100%        3
 Spider Form              Tmut/Pois      0%         N/A       100%        3
 Stone Arrow              Conj/Erth      0%         3d7       100%        3
 Swiftness                Air            0%         N/A       100%        3
 Teleport Other           Tloc           0%         N/A       100%        3
 Airstrike                Air            0%         N/A       100%        4
 Animate Armour           Summ/Erth      0%         N/A       100%        4
 Cause Fear               Hex            0%         N/A       100%        4
 Fulminant Prism          Conj/Hex       0%         3d6       100%        4
 Hailstorm                Conj/Ice       0%         3d3       100%        4
 Ice Form                 Ice/Tmut       0%         N/A       100%        4
 Iskenderun's Mystic Bla  Conj/Tloc      0%         2d3       100%        4
 Leda's Liquefaction      Hex/Erth       0%         N/A       100%        4
 Olgreb's Toxic Radiance  Pois           0%         N/A       100%        4
 Passage of Golubria      Tloc           N/A        N/A       100%        4
 Petrify                  Tmut/Erth      0%         N/A       100%        4
 Summon Ice Beast         Ice/Summ       0%         N/A       100%        4
 Summon Lightning Spire   Summ/Air       0%         N/A       100%        4
 Blade Hands              Tmut           0%         N/A       100%        5
 Bolt of Magma            Conj/Fire/Erth 0%         4d4       100%        5
 Excruciating Wounds      Necr           0%         N/A       100%        5
 Fireball                 Conj/Fire      0%         3d3       100%        5
 Freezing Cloud           Conj/Ice/Air   0%         6-21      100%        5
 Irradiate                Conj/Tmut      0%         3d13      100%        5
 Iskenderun's Battlesphe  Conj           0%         2d6       100%        5
 Lee's Rapid Deconstruct  Erth           0%         3d5*      100%        5
 Lightning Bolt           Conj/Air       0%         1d11      100%        5
 Manifold Assault         Tloc           0%         N/A       100%        5
 Metabolic Englaciation   Hex/Ice        0%         N/A       100%        5
 Silence                  Hex/Air        0%         N/A       100%        5
 Summon Forest            Summ/Tloc      0%         N/A       100%        5
 Summon Mana Viper        Hex/Summ       0%         N/A       100%        5
 Yara's Violent Unravell  Hex/Tmut       0%         3d3       100%        5
 Conjure Ball Lightning   Conj/Air       0%         3x3d6     100%        6
 Dispersal                Tloc           0%         N/A       100%        6
 Eringya's Noxious Bog    Tmut/Pois      0%         N/A       100%        6
 Iron Shot                Conj/Erth      0%         9d1       100%        6
 Shadow Creatures         Summ           N/A        N/A       100%        6
 Simulacrum               Ice/Necr       0%         N/A       100%        6
 Statue Form              Tmut/Erth      0%         N/A       100%        6
 Dragon Form              Tmut           0%         N/A       100%        7
 Orb of Destruction       Conj           0%         N/A       100%        7
 Ozocubu's Refrigeration  Ice            0%         4d5       100%        7
 Spellforged Servitor     Conj/Summ      0%         N/A       100%        7
 Storm Form               Tmut/Air       0%         N/A       100%        7
 Summon Hydra             Summ           0%         N/A       100%        7
 Discord                  Hex            0%         N/A       100%        8
 Disjunction              Tloc           0%         N/A       100%        8
 Ignition                 Fire           0%         3d3       100%        8
 Maxwell's Capacitive Co  Air            0%         ∞         100%        8
 Dragon's Call            Summ           0%         N/A       100%        9
 Shatter                  Erth           0%         3d5*      100%        9


Dungeon Overview and Level Annotations

Branches:
Dungeon (15/15)            Temple (1/1) D:5            Lair (6/6) D:8
  Swamp (4/4) Lair:2       Spider (4/4) Lair:4        Slime (5/5) Lair:6
    Orc (2/2) D:10            Elf (3/3) Orc:2        Vaults (5/5) D:13
  Crypt (3/3) Vaults:2       Tomb (2/3) Crypt:3      Depths (0/5) D:15

Altars:
Ashenzari
Cheibriados
Dithmenos
Elyvilon
Fedhas
Gozag
Hepliaklqana
Kikubaaqudgha
Makhleb
Nemelex Xobeh
Okawaru
Qazlal
Ru
Sif Muna
Trog
Uskayaw
Vehumet
Wu Jian
Xom
Yredelemnul
Zin
The Shining One
Beogh
Jiyva

Shops:
D:8 *   Orc:1 (   Orc:2 *[*?   Elf:1 ?   Elf:2 *(   Vaults:2 [   Vaults:4 !

Annotations:
D:7 2 transporters


Innate Abilities, Weirdness & Mutations

You have a pair of horns on your head.
You are dopey. (Int -2)
You are weak. (Str -2)
Your spells are a little easier to cast, but a little less powerful.
You expend magic power (3 MP) to strengthen your wands.


Message History

You feel extremely nervous for a moment...
You hear strange and distant voices.
The bennu blazes out!
The pyre of ghostly fire engulfs the skeletal warrior.
The skeletal warrior completely resists.
The pyre of ghostly fire engulfs you but does no damage.
You resist.
The pyre of ghostly fire engulfs the skeletal warrior.
The skeletal warrior completely resists.
The pyre of ghostly fire engulfs the bennu.
The bennu completely resists.
The pyre of ghostly fire engulfs the royal mummy.
The royal mummy completely resists.
The death scarab closely misses you.
The royal mummy calls on the powers of darkness!
Your body is wracked with pain!
* * * LOW HITPOINT WARNING * * *
The death scarab closely misses you. The royal mummy barely misses you.
The skeletal warrior barely misses you.
The ushabti shakes and rattles.
The vile air hits the royal mummy.
The vile air hits you but does no damage.
The vile air hits the skeletal warrior but does no damage.
The skeletal warrior closely misses you.
An ettin zombie comes into view.
The death scarab barely misses you.
The royal mummy calls on the powers of darkness!
Your body is wracked with pain!
* * * LOW HITPOINT WARNING * * *
The bennu convulses!
The death scarab bites you!
* * * LOW HITPOINT WARNING * * *
The death scarab drains your vigour!
You feel as though you will be slow longer.
As you read the scroll of silence, it crumbles to dust.
A profound silence engulfs you. The death scarab bites you!
* * * LOW HITPOINT WARNING * * *
The death scarab drains your vigour!
You feel as though you will be slow longer.
The death scarab bites you but does no damage. x2
The death scarab bites you.
You die...

#<...§.#,,,,,,,,*,,,
#$.....#,,,,,,,,*,,,
#......+,,^,,,,,*,,,
*..M.M,*^,,^,,,,*,,,
*,.M.,**************
###'###,,,,,,^,,,,,,
#b○M..#...,,,,,,,,,^
#.z§§.#..#***,B.,,,,
#..@z§#..# *....,,,
#.BMB.#..####?....,,
#.§^○§#..BB.......,,
#...8.#BM...........
#....V#†...........?
#.....ZL)..LZ..#...#
#######Z.†..........
*,,,,,#MZZ..........
*,,,,,#..M.☼8○......


You could see 2 royal mummies, a bennu, 2 skeletal warriors, a jiangshi
(summoned), a guardian mummy, an ushabti (catching breath), a spectral manticore
(summoned), 2 death scarabs, a dire elephant zombie and an ettin zombie.

Vanquished Creatures
  An ancient lich (Vaults:5)
  Sojobo (Crypt:2)
  Boris (Crypt:3)
  2 royal mummies (Tomb:1)
  Margery (Crypt:2)
  the Lernaean hydra (Swamp:4)
  Bai Suzhen (Elf:3)
  Xtahua (Vaults:3)
  Nikola (Elf:1)
  3 golden dragons (Vaults:5)
  A profane servitor (Crypt:3)
  A bone dragon (Crypt:3)
  Jory (Crypt:2)
  Arachne (Spider:4)
  Rupert (Lair:3)
  4 liches
  The ghost of Tiareth the Sorcerer, an adept DEWz of Sif Muna (Vaults:2)
  A tentacled monstrosity (Swamp:2)
  3 deep elf blademasters
  12 deep elf master archers
  13 titans
  19 acid blobs
  Asterion (Elf:1)
  7 sphinxes
  6 ancient champions
  8 shadow dragons (Vaults:5)
  Gastronok (Lair:2)
  5 storm dragons
  13 rockslimes
  6 tengu reavers
  Donald (Vaults:1)
  Roxanne (Spider:4)
  The ghost of ziltoidlt the Martial Artist, an adept OpTm of Dithmenos (Swamp:1)
  2 revenants
  Kirke (D:13)
  14 azure jellies
  16 vault wardens
  10 frost giants
  3 iron dragons (Vaults:5)
  11 fire giants
  7 deep elf sorcerers
  4 ghost moths
  4 emperor scorpions
  Aizul (Spider:1)
  2 curse skulls
  Louise (Elf:3)
  2 deep elf elementalists (Elf:3)
  An orc warlord (Orc:2)
  19 ironbound preservers
  13 very ugly things
  19 stone giants
  3 war gargoyles
  12 ghouls
  15 quicksilver oozes
  3 bennus
  12 vampire knights
  3 red draconians (Vaults:1)
  2 dire elephants (Vaults:1)
  A green draconian (Vaults:1)
  8 deep elf annihilators
  3 deep elf demonologists (Elf:3)
  4 entropy weavers
  3 black draconians
  2 minotaurs
  A spark wasp (shapeshifter) (Vaults:5)
  A spark wasp (Spider:4)
  Azrael (Elf:1)
  5 bunyips
  2 purple draconians (Vaults:1)
  6 deep elf death magi
  5 eidola
  5 ettins (Vaults:5)
  4 eleionomae
  A merfolk javelineer (Slime:1)
  A merfolk impaler (Lair:6)
  A fire dragon (Lair:6)
  15 jiangshi
  4 crystal guardians
  Snorg (Lair:6)
  9 mummy priests (Tomb:1)
  7 deep elf high priests
  A spectral fenstrider witch (Swamp:1)
  16 yaktaur captains
  5 great orbs of eyes
  8 ironbound thunderhulks
  39 vault guards
  8 boulder beetles
  Fannar (Lair:3)
  24 hydras
  Erolcha (D:12)
  A fenstrider witch zombie (Crypt:1)
  5 ghost crabs
  8 death knights
  4 ogre magi
  4 peacekeepers
  15 ironbound frosthearts
  A satyr (shapeshifter) (Vaults:5)
  4 death yaks
  11 centaur warriors
  5 alligators
  10 death scarabs
  A tengu warrior (D:10)
  16 two-headed ogres
  A deep troll shaman (Crypt:2)
  5 orc high priests
  24 dancing weapons
  4 vampire magi (Crypt:1)
  4 ironbound beastmasters
  Urug (D:11)
  Sonja (D:11)
  19 deep elf knights
  A storm dragon skeleton (Crypt:2)
  7 hell knights
  A fire crab (Lair:6)
  A titan skeleton (Crypt:2)
  A goliath frog (shapeshifter) (Vaults:5)
  35 skeletal warriors
  2 fire crabs (shapeshifter)
  A death drake (Swamp:1)
  4 shadow wraiths (Crypt:3)
  6 goliath frogs
  4 spriggan druids
  14 bog bodies
  9 flayed ghosts
  43 deep trolls
  3 glowing orange brains
  9 wizards
  A large abomination (Crypt:3)
  10 swamp dragons
  19 deep elf archers
  5 orc knights
  7 necromancers
  3 fenstrider witch simulacra (Swamp:1)
  7 lindwurms
  23 deep elf zephyrmancers
  16 ironbound convokers
  3 phantasmal warriors
  19 orb spiders
  An orb spider (shapeshifter) (Elf:3)
  27 deep elf pyromancers
  An oklob plant (Lair:3)
  31 ugly things
  17 wolf spiders
  3 cyclopes
  7 shining eyes
  2 spectral spriggans (Swamp:1)
  A cyclops (shapeshifter) (Vaults:5)
  7 manticores
  3 will-o-the-wisps
  4 orc sorcerers (Orc:2)
  A shining eye (shapeshifter) (Vaults:1)
  4 moths of wrath
  A human skeleton (Vaults:2)
  A frost giant skeleton (Tomb:1)
  A stone giant skeleton (Crypt:2)
  13 vault sentinels
  3 molten gargoyles (Lair:6)
  A guardian serpent (Lair:2)
  8 elephants (Lair:6)
  2 fire giant skeletons
  A dire elephant zombie (Crypt:2)
  15 black mambas
  A guardian serpent (shapeshifter) (Elf:1)
  3 gargoyles
  2 unseen horrors
  20 cane toads
  An iron troll zombie (Crypt:2)
  2 eyes of devastation (Slime:5)
  23 komodo dragons
  22 yaktaurs
  A grey draconian zombie (Crypt:2)
  An alligator snapping turtle zombie (Crypt:1)
  13 demonic crawlers
  A yaktaur (shapeshifter) (Vaults:5)
  An elf skeleton (Vaults:2)
  A yaktaur zombie (Vaults:2)
  A death yak skeleton (Crypt:1)
  15 freezing wraiths
  2 kobold demonologists
  2 spectral death drakes (Swamp:1)
  13 guardian mummies
  9 trolls
  A queen bee (D:12)
  3 meliai (D:12)
  31 jumping spiders
  7 merfolk
  2 iron troll skeletons (Crypt:2)
  A polar bear (Lair:3)
  2 meliai (shapeshifter)
  7 tyrant leeches
  6 dream sheep
  15 hornets
  A blink frog (shapeshifter) (Vaults:5)
  14 blink frogs
  137 slime creatures
  A fire giant simulacrum (Crypt:2)
  64 flying skulls
  3 spriggans
  4 shadows
  3 vampires
  12 tarantellas
  A water elemental (Elf:2)
  An air elemental (Elf:1)
  A yak (shapeshifter) (Elf:3)
  3 ushabtiu (Tomb:1)
  7 wyverns
  6 wraiths
  2 hogs (D:13)
  54 yaks
  86 redbacks
  A steam dragon (Lair:6)
  14 vampire mosquitoes
  25 golden eyes
  8 basilisks
  6 fire elementals
  A yaktaur simulacrum (Vaults:2)
  A torturous demonspawn zombie (Crypt:2)
  7 wargs
  15 swamp worms
  An iron troll simulacrum (Crypt:2)
  A water nymph zombie (Crypt:2)
  5 acid dragons
  A deep troll zombie (Crypt:2)
  8 hell hounds
  16 swamp drakes
  A cane toad zombie (Crypt:1)
  15 water moccasins
  A cane toad skeleton (Crypt:2)
  2 ice beasts
  49 orc warriors
  2 sky beasts (D:7)
  A monstrous demonspawn skeleton (Crypt:2)
  A snapping turtle zombie (Crypt:1)
  A hornet zombie (D:8)
  15 ogres
  12 necrophages
  6 black bears
  31 wolves
  5 centaurs
  A phantom (D:4)
  3 small abominations (Crypt:3)
  A salamander zombie (Crypt:2)
  A rime drake zombie (Crypt:2)
  A bullfrog (shapeshifter) (D:15)
  4 kobold brigands
  9 bullfrogs
  2 scorpions
  A salamander skeleton (Crypt:1)
  2 earth elementals
  A glowing shapeshifter simulacrum (Vaults:1)
  2 wyvern skeletons
  29 killer bees
  A snapping turtle simulacrum (Crypt:3)
  6 wights
  4 howler monkeys
  7 electric eels
  2 bullfrog zombies
  4 lava snakes (Lair:6)
  8 centaur zombies
  3 hounds
  21 jellies
  3 bullfrog skeletons
  40 orc priests
  2 centaur skeletons
  A demonspawn skeleton (Crypt:2)
  An iguana (D:6)
  34 orc wizards
  An acid dragon zombie (Crypt:1)
  A centaur simulacrum (D:10)
  A naga skeleton (Crypt:2)
  14 mummies
  A howler monkey zombie (D:8)
  Robin (D:2)
  A gnoll (shapeshifter) (Vaults:5)
  12 adders
  A shadow imp (D:6)
  2 ufetubi
  An adder zombie (D:5)
  3 worms
  A barachi skeleton (Crypt:1)
  2 dart slugs
  125 orcs
  5 ball pythons
  5 bats
  17 endoplasms
  2 giant cockroaches (D:2)
  10 goblins
  10 hobgoblins
  16 jackals
  10 kobolds
  3 quokkas
  2 frilled lizards
  A gnoll skeleton (Crypt:1)
  A hobgoblin skeleton (Crypt:1)
  An orc simulacrum (Crypt:3)
  9 rats
2361 creatures vanquished.

Vanquished Creatures (collateral kills)
  the Royal Jelly (Slime:5)
  A mummy priest (Tomb:1)
  An ushabti (Tomb:1)
3 creatures vanquished.

Vanquished Creatures (others)
  An ancient lich (Vaults:5)
  A fire giant (Slime:4)
  An emperor scorpion (Spider:4)
  A stone giant (Slime:3)
  2 eleionomae
  A deep elf knight (Vaults:1)
  A deep elf archer (Slime:4)
  A deep elf zephyrmancer (Elf:1)
  A deep elf pyromancer (Vaults:1)
  A wolf spider (Spider:3)
  A spectral death drake (Swamp:1)
  A tyrant leech (Swamp:2)
  A bloated husk (Swamp:3)
  A wraith (Crypt:3)
  4 humans (D:13)
  A swamp drake (Swamp:4)
  An orc wizard (D:10)
  An orc (D:13)
  2 bushes (Lair:6)
  32 foxfires
  51 fungi
  40 plants
147 creatures vanquished.

Grand Total: 2511 creatures vanquished

Notes
Turn   | Place    | Note
-------+----------+-------------------------------------------
     0 | D:1      | Gwenloh the Hill Orc Fighter began the quest for the Orb.
     0 | D:1      | Reached XP level 1. HP: 19/19 MP: 1/1
   286 | D:1      | Noticed a golden eye
   288 | D:1      | Found a faded altar of an unknown god.
   290 | D:1      | Noticed a floating eye
   290 | D:1      | Noticed a shining eye
   290 | D:1      | Noticed a floating eye
   304 | D:1      | Reached XP level 2. HP: 26/26 MP: 2/2
   985 | D:2      | Reached XP level 3. HP: 28/31 MP: 3/3
  1142 | D:2      | Reached skill level 5 in Axes
  1594 | D:2      | Reached XP level 4. HP: 39/39 MP: 4/4
  1647 | D:2      | Noticed Robin
  1658 | D:2      | Killed Robin
  1794 | D:2      | Found an ancient bone altar of Kikubaaqudgha.
  2032 | D:3      | Reached XP level 5. HP: 45/45 MP: 5/5
  2259 | D:3      | Found a shadowy altar of Dithmenos.
  2370 | D:3      | Found an iron altar of Okawaru.
  2378 | D:3      | Became a worshipper of Warmaster Okawaru
  2740 | D:3      | You fall into a shaft and drop 1 floor!
  2763 | D:4      | Noticed a black bear
  2782 | D:4      | Killed a black bear
  2783 | D:4      | Reached skill level 2 in Invocations
  2783 | D:4      | Reached XP level 6. HP: 44/51 MP: 5/7
  2917 | D:4      | Reached skill level 3 in Invocations
  3350 | D:4      | Reached XP level 7. HP: 57/57 MP: 9/9
  3466 | D:4      | Found a bloodstained altar of Trog.
  4230 | D:5      | Entered Level 5 of the Dungeon
  4236 | D:5      | Reached skill level 4 in Invocations
  4357 | D:5      | Reached * piety under Okawaru
  4358 | D:5      | Reached skill level 10 in Axes
  4474 | D:5      | Reached skill level 5 in Invocations
  4542 | D:5      | Identified the +2 chain mail "Iprynoe" {Int+2}
  4574 | D:5      | Reached XP level 8. HP: 26/66 MP: 8/11
  4640 | D:5      | Found a staircase to the Ecumenical Temple.
  5089 | Temple   | Entered the Ecumenical Temple
  5508 | D:6      | Noticed a two-headed ogre
  5521 | D:6      | Killed a two-headed ogre
  5521 | D:6      | Reached ** piety under Okawaru
  5522 | D:6      | Reached skill level 5 in Fighting
  5522 | D:6      | Reached skill level 6 in Invocations
  5522 | D:6      | Reached XP level 9. HP: 61/74 MP: 13/13
  5629 | D:6      | Found a glowing silver altar of Zin.
  5864 | D:6      | Found the +6 arbalest "Damnation" {damnation}
  5963 | D:6      | Reached skill level 5 in Shields
  6093 | D:6      | Reached skill level 5 in Armour
  6161 | D:6      | You fall into a shaft and drop 1 floor!
  6433 | D:6      | Reached skill level 7 in Invocations
  6571 | D:7      | Noticed a troll
  6606 | D:7      | Killed a troll
  6622 | D:7      | Reached *** piety under Okawaru
  6765 | D:7      | Found a transporter.
  6953 | D:7      | Reached XP level 10. HP: 83/83 MP: 15/15
  7032 | D:7      | Found a transporter.
  7541 | D:8      | Found Qichoc's Overcharged Wands.
  7576 | D:8      | Reached skill level 8 in Invocations
  7636 | D:8      | Found a staircase to the Lair.
  7788 | D:8      | Reached **** piety under Okawaru
  8581 | Lair:1   | Entered Level 1 of the Lair of Beasts
  8643 | Lair:1   | Noticed a cane toad
  8655 | D:8      | Killed a cane toad
  8684 | Lair:1   | Noticed a cane toad
  8711 | D:8      | Killed a cane toad
  8832 | Lair:1   | Noticed a cane toad
  8842 | Lair:1   | Killed a cane toad
  8843 | Lair:1   | Reached skill level 9 in Invocations
  8843 | Lair:1   | Reached XP level 11. HP: 89/92 MP: 17/17
  9049 | Lair:1   | Reached ***** piety under Okawaru
  9372 | Lair:1   | Received a gift from Okawaru
  9936 | Lair:2   | Noticed Gastronok
  9952 | Lair:1   | Reached skill level 15 in Axes
  9996 | Lair:2   | Killed Gastronok
  9997 | Lair:2   | Reached skill level 10 in Invocations
 10024 | Lair:2   | Noticed an eight-headed hydra
 10038 | Lair:2   | Killed a one-headed hydra
 10039 | Lair:2   | Reached XP level 12. HP: 81/104 MP: 19/19
 10294 | Lair:2   | Noticed a boulder beetle
 10332 | Lair:2   | Killed a boulder beetle
 10377 | Lair:2   | Found the +3 pair of seven-league boots {Rampage+∞}
 10598 | Lair:2   | Reached skill level 11 in Invocations
 10724 | Lair:2   | Received a gift from Okawaru
 10725 | Lair:2   | Reached skill level 10 in Fighting
 10744 | Lair:2   | Found a staircase to the Swamp.
 11358 | Lair:3   | Noticed Fannar
 11374 | Lair:3   | Killed Fannar
 11463 | Lair:3   | Noticed a seven-headed hydra
 11484 | Lair:3   | Killed a one-headed hydra
 11485 | Lair:3   | Reached XP level 13. HP: 105/114 MP: 7/21
 11758 | Lair:3   | Reached ****** piety under Okawaru
 11847 | Lair:3   | Noticed Rupert
 11860 | Lair:3   | Paralysed by Rupert for 4 turns
 11868 | Lair:3   | Paralysed by Rupert for 7 turns
 11893 | Lair:3   | Killed Rupert
 11894 | Lair:3   | Reached skill level 10 in Armour
 11894 | Lair:3   | Reached skill level 10 in Shields
 12082 | Lair:3   | Reached skill level 12 in Invocations
 12499 | Lair:4   | Found a hole to the Spider Nest.
 12507 | Lair:4   | Received a gift from Okawaru
 13982 | Lair:5   | Reached XP level 14. HP: 110/124 MP: 7/23
 14163 | Lair:5   | Identified the +10 hand axe "Ocu Ifay" {drain, rF- rCorr
                  | SInv} (Okawaru gifted it to you on level 5 of the Lair of
                  | Beasts)
 14163 | Lair:5   | Received a gift from Okawaru
 14447 | Lair:5   | Reached skill level 13 in Invocations
 14492 | Lair:5   | Found the +8 whip "Snakebite" {curare, rPois}
 14721 | Lair:6   | Entered Level 6 of the Lair of Beasts
 14764 | Lair:6   | Identified the +0 robe "Zyedaz" {Int+2}
 15168 | Lair:6   | Identified the +1 pair of gloves of Foolhardiness {Dex+4}
                  | (Okawaru gifted it to you on level 6 of the Lair of Beasts)
 15168 | Lair:6   | Received a gift from Okawaru
 15183 | Lair:6   | Found a staircase to the Slime Pits.
 15324 | Lair:6   | Noticed Snorg
 15345 | Lair:6   | Killed Snorg
 15425 | Lair:6   | Found a large runed translucent door.
 15886 | Lair:6   | Found a large runed translucent door.
 15894 | Lair:6   | Reached skill level 14 in Invocations
 16428 | D:9      | Found a stormy altar of Qazlal.
 16428 | D:9      | Found an ancient bone altar of Kikubaaqudgha.
 17056 | D:10     | Entered Level 10 of the Dungeon
 17078 | D:10     | Identified the +3 scale mail "Focol" {-Tele Regen+ Int+3
                  | Stlth+}
 17130 | D:10     | Reached XP level 15. HP: 126/135 MP: 25/25
 18391 | D:10     | Received a gift from Okawaru
 18510 | D:10     | Found a staircase to the Orcish Mines.
 18837 | Orc:1    | Entered Level 1 of the Orcish Mines
 18929 | Orc:1    | Found Ycafopn's Weapon Shop.
 19382 | Orc:2    | Entered Level 2 of the Orcish Mines
 19759 | Orc:2    | Found a roughly hewn altar of Beogh.
 19867 | Orc:2    | Found Hockuzan's General Store.
 19905 | Orc:2    | Found Kizxenor's Magic Scroll Shop.
 19929 | Orc:2    | Bought a scroll of acquirement for 676 gold pieces
 19931 | Orc:2    | Acquired a manual of Evocations
 19933 | Orc:2    | Acquired 511 gold pieces
 20219 | Orc:2    | Found a staircase to the Elven Halls.
 20296 | Orc:2    | Reached skill level 15 in Invocations
 20552 | Orc:2    | Noticed an orc warlord
 20595 | Orc:2    | Killed an orc warlord
 20609 | Orc:2    | Found Mies's General Store.
 20629 | Orc:2    | Bought a scroll of identify for 28 gold pieces
 20645 | Orc:2    | Found a roughly hewn altar of Beogh.
 20814 | Orc:2    | Found Janonuhu's Antique Armour Emporium.
 21494 | D:11     | Noticed Urug
 21506 | D:11     | Killed Urug
 21637 | D:11     | Identified the +0 pair of gloves of the Tundras {rElec
                  | Regen+ Int+2}
 21661 | D:11     | Noticed Sonja
 21664 | D:11     | Killed Sonja
 22200 | D:12     | Noticed Erolcha
 22213 | D:12     | Killed Erolcha
 22378 | D:12     | Reached skill level 1 in Evocations
 22386 | D:12     | Reached XP level 16. HP: 89/146 MP: 22/27
 22521 | D:12     | Received a gift from Okawaru
 22956 | D:13     | Noticed Kirke
 23105 | D:13     | Killed Kirke
 23742 | D:13     | Acquired a scarf of resistance
 24381 | D:13     | Found a gate to the Vaults.
 24441 | D:13     | Reached skill level 5 in Evocations
 24660 | D:13     | Identified the amulet of Sovereignty {rPois Regen+}
 24795 | D:14     | Reached skill level 16 in Invocations
 24811 | D:14     | Received a gift from Okawaru
 24899 | D:14     | Received a gift from Okawaru
 25242 | D:14     | Reached skill level 15 in Shields
 25729 | D:14     | Reached skill level 15 in Fighting
 25827 | D:14     | Reached XP level 17. HP: 156/156 MP: 29/29
 26032 | D:15     | Entered Level 15 of the Dungeon
 26051 | D:15     | Found a staircase to the Depths.
 26958 | Swamp:1  | Entered Level 1 of the Swamp
 27300 | Swamp:1  | Found a runed translucent gate.
 27300 | Swamp:1  | Found a runed translucent gate.
 27300 | Swamp:1  | Found a runed translucent gate.
 27322 | Swamp:1  | Found an ancient bone altar of Kikubaaqudgha.
 27462 | Swamp:1  | Noticed ziltoidlt's ghost (adept OpTm)
 27840 | Swamp:1  | Received a gift from Okawaru
 27841 | Swamp:1  | Killed ziltoidlt's ghost
 27952 | Swamp:2  | Reached skill level 17 in Invocations
 28450 | Swamp:2  | Noticed a tentacled monstrosity
 28491 | Swamp:2  | Killed a tentacled monstrosity
 28501 | Swamp:2  | Identified the +3 triple sword "Dajutue" {vamp, rPois
                  | rCorr}
 28586 | Swamp:2  | Received a gift from Okawaru
 29326 | Swamp:3  | Reached skill level 10 in Evocations
 29920 | Swamp:4  | Entered Level 4 of the Swamp
 29940 | Swamp:4  | Reached skill level 15 in Armour
 29976 | Swamp:4  | Identified the +7 hand axe "Riwna" {venom, rF+ rCorr}
                  | (Okawaru gifted it to you on level 4 of the Swamp)
 29976 | Swamp:4  | Received a gift from Okawaru
 29996 | Swamp:4  | Reached XP level 18. HP: 109/166 MP: 25/30
 30034 | Swamp:4  | Noticed the 27-headed Lernaean hydra
 30724 | Orc:2    | Bought a distressingly furry plate armour for 476 gold
                  | pieces
 30724 | Orc:2    | Identified the +3 plate armour of the Slightly Bent {Will+
                  | Str+3} (You bought it in a shop on level 2 of the Orcish
                  | Mines)
 30739 | Orc:2    | Bought a glowing plate armour for 442 gold pieces
 30740 | Orc:2    | Bought a shiny plate armour for 442 gold pieces
 31267 | Swamp:4  | Reached skill level 1 in Dodging
 31306 | Swamp:4  | Reached skill level 18 in Invocations
 31320 | Swamp:4  | Received a gift from Okawaru
 31516 | Spider:1 | Entered Level 1 of the Spider Nest
 31784 | Spider:1 | Noticed Aizul
 31799 | Spider:1 | Killed Aizul
 34791 | Spider:4 | Entered Level 4 of the Spider Nest
 34818 | Spider:3 | Received a gift from Okawaru
 34837 | Spider:4 | Reached XP level 19. HP: 175/177 MP: 3/32
 34843 | Spider:4 | Noticed Arachne
 34876 | Spider:4 | Killed Arachne
 35090 | Spider:4 | Noticed Roxanne
 35122 | Spider:4 | Killed Roxanne
 35176 | Spider:4 | Received a gift from Okawaru
 35674 | Spider:4 | Reached skill level 19 in Invocations
 35893 | Spider:4 | Got a gossamer rune of Zot
 36250 | Elf:1    | Entered Level 1 of the Elven Halls
 36274 | Elf:1    | Reached skill level 5 in Dodging
 36296 | Elf:1    | Found Wairi's Magic Scroll Shoppe.
 36296 | Elf:1    | Noticed Azrael
 36308 | Elf:1    | Killed Azrael
 36320 | Elf:1    | Bought a scroll of identify for 36 gold pieces
 36320 | Elf:1    | Bought a scroll of identify for 36 gold pieces
 36320 | Elf:1    | Bought a scroll of identify for 36 gold pieces
 36409 | Elf:1    | Noticed Asterion
 36427 | Elf:1    | Killed Asterion
 36659 | Elf:1    | Paralysed by an air elemental for 1 turns
 36701 | Elf:1    | Received a gift from Okawaru
 36948 | Elf:1    | Noticed Nikola
 36969 | Elf:1    | Killed Nikola
 37538 | Elf:2    | Found a runed translucent gate.
 37538 | Elf:2    | Found a runed translucent gate.
 37538 | Elf:2    | Found a runed translucent gate.
 37610 | Elf:2    | Found Yhusykeu's Weapon Boutique.
 37618 | Elf:2    | Bought a +1 hand crossbow of freezing for 239 gold pieces
 37748 | Elf:2    | Found Dealyk's General Store.
 37755 | Elf:2    | Bought a scroll of identify for 28 gold pieces
 37755 | Elf:2    | Bought a scroll of enchant armour for 105 gold pieces
 38285 | Elf:2    | Reached XP level 20. HP: 186/187 MP: 11/33
 38289 | Elf:2    | Upgraded the game from 0.27-a0-1359-ga2a4dfd6fd to
                  | 0.27-a0-1378-gdefffd1ff6
 38338 | Elf:2    | Reached skill level 1 in Crossbows
 38747 | Elf:2    | Identified the +3 broad axe of Starshine {flame, Contam
                  | rElec rN+ Int+5} (Okawaru gifted it to you on level 2 of
                  | the Elven Halls)
 38747 | Elf:2    | Received a gift from Okawaru
 38917 | Elf:3    | Entered Level 3 of the Elven Halls
 39188 | Elf:3    | Noticed Louise
 39208 | Elf:3    | Killed Louise
 39392 | Elf:3    | Identified the amulet of Ifit {RegenMP Regen+}
 39489 | Elf:3    | Noticed Bai Suzhen
 39526 | Elf:3    | Killed Bai Suzhen
 39571 | Elf:3    | Identified the +5 flail "Nadgh" {vorpal, rPois Will+ Str-5
                  | Int+2}
 40212 | Elf:3    | Received a gift from Okawaru
 40439 | Elf:3    | Reached skill level 20 in Invocations
 40782 | Elf:3    | Identified the ring "Leyclock" {Will++ EV+4 Str+3 Dex+4}
 40827 | Elf:3    | Identified the amulet "Jaoxytun" {Spirit Str+4}
 40843 | Elf:3    | Identified the +1 pair of boots "Xirutovu" {Dex+3}
 40865 | Elf:3    | Got the Handbook of the Spheres
 40872 | Elf:3    | Found the ring of the Octopus King
 40894 | Elf:3    | Identified a ring of the Octopus King {Wiz AC+1 EV+1 Str+1
                  | Int+1 Dex+1}
 40901 | Elf:3    | Identified the +2 hunting sling of the Absolute Madman
                  | {venom, Drain rN++ Will+ rCorr}
 41246 | Temple   | Fell from the grace of Okawaru
 41246 | Temple   | Became a worshipper of the Shining One
 41761 | Swamp:4  | Reached XP level 21. HP: 178/190 MP: 35/35
 42000 | Slime:1  | Entered Level 1 of the Pits of Slime
 42000 | Slime:1  | Found a viscous altar of Jiyva.
 42002 | Slime:1  | Gained mutation: Armour fits poorly on your strangely
                  | shaped body. [mutagenic glow]
 42445 | Slime:1  | Gained mutation: Potions are less effective at restoring
                  | your health. [a shining eye]
 42905 | Slime:2  | Reached * piety under the Shining One
 42911 | Slime:1  | Reached skill level 5 in Crossbows
 43720 | Slime:1  | Reached XP level 22. HP: 204/204 MP: 36/36
 43937 | Slime:2  | Reached skill level 15 in Evocations
 45745 | Slime:4  | Gained mutation: You occasionally shout uncontrollably at
                  | your foes. [a shining eye]
 45814 | Slime:4  | Gained mutation: You sometimes lose the ability to read
                  | scrolls when taking damage. [a shining eye]
 45821 | Slime:4  | Gained mutation: You are dopey. (Int -2) [a shining eye]
 45824 | Slime:4  | Gained mutation: Your spells are a little easier to cast,
                  | but a little less powerful. [a shining eye]
 45826 | Slime:4  | Gained mutation: Your spells are easier to cast, but less
                  | powerful. [a shining eye]
 46373 | Slime:5  | Entered Level 5 of the Pits of Slime
 46400 | Slime:5  | Reached ** piety under the Shining One
 46682 | Slime:5  | Gained mutation: Potions cannot restore your health. [a
                  | shining eye]
 46954 | Slime:5  | Gained mutation: You are very dopey. (Int -4) [a shining
                  | eye]
 46955 | Slime:5  | Gained mutation: You have a pair of small horns on your
                  | head. [a shining eye]
 46957 | Slime:5  | Gained mutation: Your spells are much easier to cast, but
                  | much less powerful. [a shining eye]
 47183 | Slime:5  | Noticed the Royal Jelly
 47292 | Slime:5  | Found a viscous altar of Jiyva.
 47299 | Slime:5  | Found the +4 dagger "Morg" {pain, Will+ Int+5}
 48583 | Slime:4  | Lost mutation: You occasionally shout uncontrollably at
                  | your foes. [potion of mutation]
 48583 | Slime:4  | Lost mutation: You sometimes lose the ability to read
                  | scrolls when taking damage. [potion of mutation]
 48583 | Slime:4  | Gained mutation: You expend magic power (3 MP) to
                  | strengthen your wands. [potion of mutation]
 48583 | Slime:4  | Gained mutation: You have a pair of horns on your head.
                  | [potion of mutation]
 48584 | Slime:4  | Lost mutation: Potions cannot restore your health. [potion
                  | of mutation]
 48584 | Slime:4  | Lost mutation: Potions are less effective at restoring your
                  | health. [potion of mutation]
 48584 | Slime:4  | Lost mutation: Armour fits poorly on your strangely shaped
                  | body. [potion of mutation]
 48584 | Slime:4  | Lost mutation: Your spells are much easier to cast, but
                  | much less powerful. [potion of mutation]
 48585 | Slime:4  | Lost mutation: You expend magic power (3 MP) to strengthen
                  | your wands. [potion of mutation]
 48585 | Slime:4  | Lost mutation: You are very dopey. (Int -4) [potion of
                  | mutation]
 48585 | Slime:4  | Lost mutation: Your spells are easier to cast, but less
                  | powerful. [potion of mutation]
 48585 | Slime:4  | Gained mutation: You expend magic power (3 MP) to
                  | strengthen your wands. [potion of mutation]
 48970 | Swamp:4  | Identified the +3 short sword of Xeomaaco {vorpal, rF- rC+
                  | Int+2}
 49028 | Swamp:4  | Killed the 21-headed Lernaean hydra
 49104 | Swamp:4  | Got a decaying rune of Zot
 49465 | Vaults:1 | Entered Level 1 of the Vaults
 49541 | Vaults:1 | Reached XP level 23. HP: 213/213 MP: 37/37
 49548 | Vaults:1 | Gained mutation: You are weak. (Str -2) [mutagenic glow]
 49699 | Vaults:1 | Noticed Donald
 49713 | Vaults:1 | Killed Donald
 49901 | Vaults:1 | Reached skill level 21 in Invocations
 51321 | Vaults:1 | Reached *** piety under the Shining One
 51689 | Vaults:2 | Reached skill level 10 in Dodging
 51769 | Vaults:2 | Found Banol's Armour Boutique.
 51894 | Vaults:2 | Bought a +2 kite shield of protection for 322 gold pieces
 51930 | Vaults:2 | Found a runed translucent door.
 51930 | Vaults:2 | Noticed Tiareth's ghost (adept DEWz)
 51946 | Vaults:2 | Killed Tiareth's ghost
 52422 | Vaults:2 | Was forgiven by Okawaru
 52537 | Vaults:2 | Found a staircase to the Crypt.
 52537 | Vaults:2 | Found a basalt altar of Yredelemnul.
 52538 | Vaults:2 | Found an ancient bone altar of Kikubaaqudgha.
 52584 | Vaults:2 | Reached **** piety under the Shining One
 53029 | Vaults:3 | Identified the +5 plate armour of Greed {-Tele rC++ Regen+}
 53309 | Vaults:3 | Reached XP level 24. HP: 223/223 MP: 12/37
 53517 | Vaults:3 | Noticed Xtahua
 53535 | Vaults:3 | Killed Xtahua
 53904 | Vaults:3 | You fall into a shaft and drop 1 floor!
 55050 | Vaults:4 | Reached skill level 22 in Invocations
 55520 | Vaults:4 | Found Tokomiho's Distillery.
 55528 | Vaults:4 | Bought a potion of might for 48 gold pieces
 55528 | Vaults:4 | Bought a potion of might for 48 gold pieces
 55528 | Vaults:4 | Bought a potion of heal wounds for 60 gold pieces
 55528 | Vaults:4 | Bought a potion of heal wounds for 60 gold pieces
 55528 | Vaults:4 | Bought a potion of curing for 36 gold pieces
 55528 | Vaults:4 | Bought a potion of curing for 36 gold pieces
 55745 | Vaults:5 | Entered Level 5 of the Vaults
 55745 | Vaults:5 | Reached ***** piety under the Shining One
 56051 | Vaults:5 | Reached XP level 25. HP: 203/233 MP: 12/38
 56077 | Vaults:5 | Identified the +0 rapier "Gaunk" {flame, +Rage Fly Dex+3}
 56112 | Vaults:5 | Noticed an ancient lich
 56114 | Vaults:5 | Killed an ancient lich
 56122 | Vaults:4 | Reached skill level 10 in Crossbows
 56284 | Vaults:5 | Identified the +9 halberd of Ysiaggoq {flame, rPois rN+
                  | Str+4 Int+2}
 57034 | Vaults:5 | Reached ****** piety under the Shining One
 57099 | Vaults:5 | Found the +7 Kryia's mail coat {PotionHeal*2 rC+}
 57207 | Vaults:5 | Got a silver rune of Zot
 57629 | Vaults:5 | Identified the +0 robe "Weovvemoo" {rCorr MP-9 Dex+6}
 57629 | Vaults:5 | Identified the amulet of Stoicism {Acrobat rN+ Str+2 Int+4}
 57630 | Vaults:5 | Identified the ring of Aghon {rPois Will+ rCorr Str+2
                  | Dex-4}
 57728 | Vaults:5 | Noticed an ancient lich
 57738 | Vaults:5 | Identified a +9 broad axe of holy wrath (a +9 antimagic
                  | broad axe blessed by the Shining One)
 57738 | Vaults:5 | Received a gift from the Shining One
 57738 | Vaults:5 | Killed an ancient lich
 57754 | Vaults:5 | Reached skill level 23 in Invocations
 57815 | Vaults:5 | Identified the +6 mace of Roruigapn {flame, rElec rF+
                  | Int+3}
 57916 | Vaults:5 | Got the Catalogue of Flamy Dark Magic
 58928 | Slime:5  | Killed the Royal Jelly
 58929 | Slime:5  | Reached XP level 26. HP: 180/244 MP: 26/38
 59100 | Slime:5  | Identified the +1 ring mail "Ziywn" {rC+ rN+ Will+ MP+9}
 59201 | Slime:5  | Identified the +4 morningstar of the Fifty Brambles {venom,
                  | Dex+2}
 59230 | Slime:5  | Got a slimy rune of Zot
 59754 | Vaults:2 | Identified the +0 leather armour of Xasup {Dex+4 Slay+2}
 59773 | Crypt:1  | Entered Level 1 of the Crypt
 60580 | Crypt:1  | Found the +8 Vampire's Tooth {vamp}
 61046 | Crypt:2  | Noticed Jory
 61061 | Crypt:2  | Killed Jory
 61275 | Crypt:2  | Noticed Margery
 61384 | Crypt:2  | Killed Margery
 61402 | Crypt:2  | Noticed Sojobo
 61581 | Crypt:2  | Killed Sojobo
 62075 | Crypt:3  | Entered Level 3 of the Crypt
 62431 | Crypt:3  | Found a basalt altar of Yredelemnul.
 62612 | Crypt:3  | Reached XP level 27. HP: 254/254 MP: 38/38
 62810 | Crypt:3  | Reached skill level 24 in Invocations
 62946 | Crypt:3  | Found a staircase to the Tomb.
 62946 | Crypt:3  | Noticed Boris
 62957 | Crypt:3  | Killed Boris
 62966 | Crypt:3  | Identified the +6 chain mail "Byrus" {rElec}
 62993 | Crypt:3  | Identified the +3 flail of the Ageless Blessings {flame,
                  | Stlth+}
 63071 | Tomb:1   | Entered Level 1 of the Tomb of the Ancients
 64017 | Tomb:1   | Noticed a royal mummy
 64128 | Tomb:1   | Noticed a royal mummy
 64135 | Tomb:1   | Killed a royal mummy
 64162 | Tomb:1   | Killed a royal mummy
 64693 | Tomb:2   | Noticed a royal mummy
 64694 | Tomb:2   | Noticed a royal mummy
 64715 | Tomb:2   | Noticed a royal mummy
 64716 | Tomb:2   | HP: 12/256 [death scarab[a royal mummy] (9)]
 64717 | Tomb:2   | HP: 2/256 [death scarab[a royal mummy] (12)]
 64717 | Tomb:2   | Slain by a death scarab

Illustrated notes

Levels and vault maps discovered:
D:1:      roderic_chinese_lattice_arrival, layout_basic,
          hellmonk_ecumenical_altar_watching_god
D:2:      layout_loops_ring, basic_altar, guppyfry_early_orc_mine, uniq_robin
D:3:      layout_basic, kennysheep_okawaru_gauntlet, amcnicky_altar_gilded,
          nrook_mini_backslash
D:4:      layout_basic, lightli_temple_of_fire, st_stairs_2
D:5:      layout_basic, minmay_temple_entry_drinking_statues
D:6:      minmay_opposing_rooms, layout_basic, lemuel_tele_altar
D:7:      gammafunk_steamed_eel, layout_loops_corners, minmay_diced_spiral
D:8:      layout_layer_cave, erik_lair_orcish_takeover, eino_curves_03,
          nicolae_shop_overcharged_wands
D:9:      layout_irregular_city, gammafunk_temple_overflow_elements
D:10:     nzn_winding_woodlands_cross [nzn_winding_woodlands_5x15_zeroes,
          nzn_winding_woodlands_5x15_concentric,
          nzn_winding_woodlands_5x15_crooked,
          nzn_winding_woodlands_5x15_pathside_ponds,
          nzn_winding_woodlands_15x15_thick_spiral], layout_stronghold,
          erik_orc_1, nicolae_zen_rock_garden, chequers_serial_rivers_micro_d
D:11:     layout_loops_ring, uniq_urug, uniq_sonja
D:12:     layout_roguey [special_room_bee], grunt_ministairs_3, minivault_23,
          uniq_erolcha
D:13:     minmay_eight_partial_circles, layout_basic, david_vaults_1,
          grunt_ogre_cave, uniq_kirke
D:14:     minmay_elf_outpost, layout_small_grid, hangedman_decor_growths
D:15:     grunt_enter_depths_giant_problem, layout_small_grid, nrook_mini_vaults
Temple:   lightli_temple_of_artemis
Lair:1:   layout_regular_city, grunt_megastairs_1
Lair:2:   lemuel_slime, layout_gridlike, minmay_swamp_entry_eels, minivault_27,
          hellmonk_guarded_unrand_seven_league_boots, serial_bayou_shore_b,
          uniq_gastronok
Lair:3:   layout_chaotic_city, grunt_megastairs_4, serial_bayou_shore_a,
          uniq_fannar, uniq_rupert
Lair:4:   layout_cave_pods, spider_nest_entry_a, gauntlet_entry_generic
Lair:5:   minmay_guarded_unrand_snakebite, layout_loops_ring,
          grunt_forest_large_clearings
Lair:6:   cheibrodos_lair_end_hotspot, layout_loops_ring, slime_dummy,
          uniq_snorg
Swamp:1:  nicolae_swamp_long_stream, layout_basic_swamp,
          gammafunk_ghost_necromancy, lemuel_altar_in_water, swamp_pool4,
          nicolae_swamp_drake_lake
Swamp:2:  cheibrodos_swamp_monstrosity, layout_falls_marsh, hangedman_swamp_pad,
          swamp_pool1
Swamp:3:  layout_basic_swamp, evilmike_swamp_ruin_house_2,
          infiniplex_staircase_pool
Swamp:4:  grunt_swamp_rune_castle, layout_basic_swamp
Spider:1: layout_spider_delve, nicolae_spider_spiderdrome, uniq_aizul
Spider:2: layout_chambers, nicolae_spider_twisty_arc_passages
Spider:3: layout_chambers
Spider:4: spider_rune_water, nicolae_spider_baby_got_redback, uniq_roxanne,
          uniq_arachne
Slime:1:  layout_caves, basic_altar
Slime:2:  layout_caves
Slime:3:  nicolae_slime_jelly_donut, layout_caves
Slime:4:  layout_caves
Slime:5
Orc:1:    layout_diamond_mine, serial_shops, shop
Orc:2:    pubby_orc_utopia
Elf:1:    layout_geoelf_octagon, serial_shops, shop, hangedman_elf_represent,
          uniq_asterion, uniq_nikola, uniq_azrael
Elf:2:    layout_onion_city, serial_shops, nicolae_diamond_shop,
          nicolae_shop_statue_plus
Elf:3:    minmay_elf_hall_circle, layout_gridlike, uniq_louise, uniq_bai_suzhen
Vaults:1: nicolae_vaults_ring_of_whatevers, nicolae_vaults_triangles,
          vaults_mumra_lcd, nicolae_vaults_little_squares_3, st_more_cells,
          serial_ice_h, v_pattern_4, v_rooms_2, layout_vaults_omnigrid,
          uniq_donald
Vaults:2: ebering_vaults_ghost_inner_flame, hangedman_vaults_stitches,
          v_misc_11, v_misc_11, hangedman_vaults_trim, nicolae_vaults_big_ls,
          minmay_crypt_entry_necro_gods, nicolae_vaults_border_crossing,
          ontoclasm_vaults_decontamination, nicolae_vaults_little_squares_3,
          layout_vaults_big_room, serial_shops, shop_fountains
Vaults:3: hangedman_vaults_restitches, vaults_room_semicircle,
          vaults_room_grunt_arrival_checkpoint,
          nicolae_vaults_network_periphery, vaults_room_ringed_pool,
          hangedman_vaults_unwind, v_pattern_2, hangedman_vaults_snaps,
          ontoclasm_vaults_pinch, nicolae_vaults_little_squares_1,
          nicolae_vaults_angled_halls, layout_vaults_ring, uniq_xtahua
Vaults:4: hangedman_vaults_stream, v_misc_27, hangedman_vaults_hard_town_square,
          nicolae_vaults_big_angled_halls, nicolae_vaults_arrows,
          vaults_standard_mumra_enter_the_diamond,
          nicolae_vaults_little_squares_5, serial_ice_b,
          layout_vaults_omnicross, serial_shops, shop
Vaults:5: serial_shops
Crypt:1:  layout_chaotic_city, minmay_guarded_unrand_vampires_tooth
Crypt:2:  layout_chaotic_city, skrybe_necro_troll_1,
          roderic_lattice_octagonal_star, uniq_margery, uniq_jory, uniq_sojobo
Crypt:3:  grunt_crypt_end_deaths_head, uniq_boris
Tomb:1
Tomb:2

Skill      XL: |  1  2  3  4  5  6  7  8  9 10 11 12 13 14 15 16 17 18 19 20 21 22 23 24 25 26 27 |
---------------+----------------------------------------------------------------------------------+-----
Axes           | 3 4 5 6 7 8 10 11 12 14 15 16 17 18 | 18.0
Invocations    | 2 3 5 6 7 9 10 11 12 14 15 16 17 18 19 20 21 22 23 24 | 24.4
Fighting       | 5 6 7 9 10 11 13 14 15 16 17 18 19 20 21 22 | 22.6
Armour         | 4 5 7 8 9 10 12 13 15 16 17 18 19 20 21 | 21.2
Shields        | 4 5 7 8 9 10 12 13 15 | 15.0
Evocations     | 1 6 10 12 13 14 16 17 18 19 20 | 20.4
Dodging        | 3 5 7 8 9 10 11 12 13 | 13.6
Crossbows      | 4 5 6 8 9 10 | 10.9

Action                   |  1- 3 |  4- 6 |  7- 9 | 10-12 | 13-15 | 16-18 | 19-21 | 22-24 | 25-27 || total
-------------------------+-------+-------+-------+-------+-------+-------+-------+-------+-------++-------
Melee: War axe           |   131 |   127 |   310 |   619 |       |       |       |       |       ||  1187
       Hand axe          |       |       |       |    22 |  1157 |  1121 |   126 |   735 |       ||  3161
       Broad axe         |       |       |       |   122 |   458 |   696 |  1109 |  1055 |  1241 ||  4681
       Unarmed           |       |       |       |       |       |    20 |       |       |       ||    20
       Hand crossbow     |       |       |       |       |       |       |     1 |       |       ||     1
       Headbutt          |       |       |       |       |       |       |       |   490 |   459 ||   949
 Fire: Hand crossbow     |       |       |       |       |       |       |    15 |     3 |    48 ||    66
Throw: Stone             |    46 |    83 |     2 |       |       |       |       |       |       ||   131
       Boomerang         |       |       |    59 |   135 |    15 |    45 |    22 |    23 |     5 ||   304
Invok: Heroism           |       |       |     8 |    10 |    12 |    11 |     5 |       |       ||    46
       Finesse           |       |       |       |     2 |    12 |    10 |     4 |       |       ||    28
       Divine Shield     |       |       |       |       |       |       |       |     9 |     9 ||    18
       Cleansing Flame   |       |       |       |       |       |       |       |     2 |    14 ||    16
       Summon Divine War |       |       |       |       |       |       |       |       |     2 ||     2
       Brand Weapon With |       |       |       |       |       |       |       |       |     1 ||     1
Evoke: Box of beasts     |       |       |       |       |     1 |       |       |       |       ||     1
       Wand              |       |       |       |       |       |     4 |    19 |    12 |       ||    35
  Use: Scroll            |       |       |     3 |     3 |    10 |    16 |    10 |     2 |    10 ||    54
       Potion            |       |       |       |       |     2 |     3 |     7 |     7 |     9 ||    28
 Stab: Confused          |       |       |       |       |     1 |     6 |       |       |       ||     7
       Sleeping          |       |       |       |       |       |     1 |       |       |       ||     1
       Held in net/web   |       |       |       |       |       |       |     2 |       |       ||     2
Armor: Scale mail        |    71 |    88 |    12 |       |       |       |       |       |       ||   171
       Chain mail        |       |       |   142 |   358 |   498 |   495 |       |       |       ||  1493
       Plate armour      |       |       |       |       |       |   319 |   478 |   435 |    22 ||  1254
       Swamp dragon scal |       |       |       |       |       |     3 |       |       |       ||     3
       Gold dragon scale |       |       |       |       |       |       |       |       |   314 ||   314
Dodge: Dodged            |    33 |    49 |    57 |   150 |   243 |   365 |   306 |   558 |   339 ||  2100
Block: Kite shield       |    53 |    72 |   158 |   356 |   680 |  1313 |   808 |  1595 |  1191 ||  6226
       Reflection        |       |       |       |       |       |    30 |    21 |    89 |    30 ||   170

Table legend: (Time is in decaauts)
 A = Elapsed time spent in this place.
 B = Non-inter-level travel time spent in this place.
 C = Inter-level travel time spent in this place.
 D = Time resting spent in this place.
 E = Time spent auto-exploring this place.
 F = Levels seen in this place.
 G = Mean time per level.
                   A        B        C        D        E       F      G
               +--------+--------+--------+--------+--------+-----+--------+
         Total |  62974 |  56442 |   6532 |   6443 |  25491 |  50 | 1259.5 |
       Dungeon |  17430 |  15844 |   1586 |    770 |  11098 |  15 | 1162.0 |
        Temple |    149 |    148 |      1 |      0 |    107 |   1 |  149.0 |
          Lair |   8972 |   7447 |   1525 |    567 |   4158 |   6 | 1495.3 |
         Swamp |   5292 |   4106 |   1186 |    505 |   1341 |   4 | 1323.0 |
   Spider Nest |   4280 |   4032 |    248 |    195 |   2586 |   4 | 1070.0 |
    Slime Pits |   6416 |   6021 |    395 |   2505 |    880 |   5 | 1283.2 |
  Orcish Mines |   2583 |   2268 |    315 |     45 |    909 |   2 | 1291.5 |
   Elven Halls |   4594 |   4299 |    295 |    456 |   1238 |   3 | 1531.3 |
        Vaults |   8537 |   7832 |    705 |    806 |   2553 |   5 | 1707.4 |
         Crypt |   3053 |   2781 |    272 |    122 |    521 |   3 | 1017.7 |
          Tomb |   1664 |   1664 |      0 |    469 |     98 |   2 |  832.0 |
               +--------+--------+--------+--------+--------+-----+--------+

Top non-repeatable levels by time:
    D:10: 2181 daAuts
Vaults:1: 2065 daAuts
   Orc:2: 2015 daAuts
  Lair:6: 1892 daAuts
Vaults:5: 1837 daAuts
 Slime:4: 1794 daAuts
   Elf:2: 1780 daAuts
Vaults:4: 1751 daAuts
 Swamp:3: 1736 daAuts
   Elf:3: 1726 daAuts
    D:13: 1718 daAuts
  Lair:2: 1643 daAuts
  Tomb:1: 1629 daAuts
  Lair:1: 1518 daAuts
Vaults:2: 1463 daAuts
